 Dungeon Crawl Stone Soup version 0.30-a0-1112-gfb780f5df6 (webtiles) character file.

Game seed: 14098521120858242184

2 cforsyth the Conjurer (level 1, 0/16 HPs)
             Began as a Demigod Wanderer on Apr 20, 2023.
             Slain by a kobold
             ... wielding a +0 club
              (3 damage)
             ... on level 1 of the Dungeon.
             The game lasted 00:00:53 (38 turns).

cforsyth the Conjurer (Demigod Wanderer)              Turns: 38, Time: 00:00:53

Health: 0/16       AC:  2    Str: 11    XL:     1   Next: 20%
Magic:  4/4        EV: 11    Int: 15    God:
Gold:   0          SH:  0    Dex: 14    Spells: 2/2 levels left

rFire   . . .      SeeInvis .    a - +0 dagger
rCold   . . .      Faith    .    (no shield)
rNeg    . . .      Spirit   .    d - +0 robe
rPois   .          Reflect  .    (no helmet)
rElec   .          Rampage  .    (no cloak)
rCorr   .                        (no gloves)
Will    .....                    (no boots)
Stlth   +                        (no amulet)
HPRegen 0.22/turn                (no ring)
MPRegen 0.09/turn                (no ring)

@: no status effects
A: high MP 1, forlorn, divine attributes
a: no special abilities


You were on level 1 of the Dungeon.
You visited 1 branch of the dungeon, and saw 1 of its levels.

Inventory:

Hand Weapons
 a - a +0 dagger (weapon)
Missiles
 b - 6 boomerangs (quivered)
Armour
 d - a +0 robe (worn)
Scrolls
 c - a scroll of fear


   Skills:
 + Level 1.1 Fighting
 - Level 1.7 Throwing
 + Level 0.2 Armour
 - Level 1.0 Spellcasting
 - Level 3.6 Conjurations
 - Level 1.7 Hexes


You had 2 spell levels left.
You didn't know any spells.
Your spell library contained the following spells:

 Spells                   Type           Power      Damage    Failure   Level
 Shock                    Conj/Air       24%        1d4       12%         1
 Slow                     Hex            24%        N/A       12%         1
 Inner Flame              Hex/Fire       3%         N/A       45%         3
 Flame Wave               Conj/Fire      6%         2d5       75%         4
 Iskenderun's Mystic Bla  Conj/Tloc      6%         2d4       75%         4


Dungeon Overview and Level Annotations

Branches:
Dungeon (1/15)


Innate Abilities, Weirdness & Mutations

You have an increased reservoir of magic. (+10% MP)
You shall have no god before yourself.
Your divine heritage dramatically boosts your attributes as you level up.


Message History

A frilled lizard is nearby!
Welcome back, cforsyth the Demigod Wanderer.
Press ? for a list of commands and other information.
A frilled lizard is nearby!
An endoplasm comes into view.
The endoplasm quivers.
A kobold comes into view. It is wielding a +0 club.
The frilled lizard bites you.
You barely miss the frilled lizard. The endoplasm hits you.
The frilled lizard bites you.
You miss the frilled lizard.
The kobold shouts!
The endoplasm barely misses you. The frilled lizard bites you.
You closely miss the frilled lizard. The endoplasm hits you.
The frilled lizard closely misses you.
You are too injured to fight recklessly!
You are too injured to fight recklessly!
You are too injured to fight recklessly!
You are too injured to fight recklessly!
You are too injured to fight recklessly!
You are too injured to fight recklessly!
You are too injured to fight recklessly!
The endoplasm attacks as you move away! The endoplasm hits you.
The endoplasm attacks as you move away! The endoplasm hits you.
You hit the endoplasm but do no damage. The endoplasm hits you.
You hit the endoplasm.
The endoplasm is heavily wounded.
The endoplasm hits you but does no damage.
You hit the endoplasm.
The endoplasm is almost dead.
The endoplasm barely misses you.
You hit the endoplasm.
You kill the endoplasm!
You hit the frilled lizard.
You kill the frilled lizard!
You barely miss the kobold. The kobold hits you with a +0 club.
* * * LOW HITPOINT WARNING * * *
You barely miss the kobold. The kobold barely misses you.
You barely miss the kobold. The kobold hits you with a +0 club.
You die...

##### ...### #..[.#
###########.##.#
#~PP...@K....#.#####
#PP~##.###.........#
#~~P##.# #...#.....#
#.##PP~# ###.#.....#
#.##P~P# #.#.....#
#...P~~# #.#.....#
#.#####~P~ ..#K....#
#.#


PP~ #.#.....# #.### P~P #.#.....# You could see a kobold.

Vanquished Creatures
  An endoplasm (D:1)
  A frilled lizard (D:1)
2 creatures vanquished.

Notes
Turn   | Place    | Note
-------+----------+-------------------------------------------
     0 | D:1      | cforsyth the Demigod Wanderer began the quest for the Orb.
     0 | D:1      | cforsyth set off with the following items: a +0 dagger, 6
                  | boomerangs, a scroll of fear, a +0 robe; and the following
                  | spells available to memorise: Shock, Slow, Inner Flame,
                  | Flame Wave, Iskenderun's Mystic Blast.
     0 | D:1      | Reached XP level 1. HP: 16/16 MP: 4/4
    38 | D:1      | Slain by a kobold

Illustrated notes

Levels and vault maps discovered:
D:1:      psy_arrival_conway, layout_rooms, st_stairs_14,
          dreamdust_mushroom_princess

Action                     || total
---------------------------++-------
  Melee: Dagger            ||    11
 Armour: Robe              ||     1
  Dodge: Dodged            ||     4

Table legend: (Time is in decaauts)
 A = Elapsed time spent in this place.
 B = Non-inter-level travel time spent in this place.
 C = Inter-level travel time spent in this place.
 D = Time resting spent in this place.
 E = Time spent auto-exploring this place.
 F = Levels seen in this place.
 G = Mean time per level.
                   A        B        C        D        E       F      G
               +--------+--------+--------+--------+--------+-----+--------+
         Total |     39 |     39 |      0 |      0 |     18 |   1 |   39.0 |
       Dungeon |     39 |     39 |      0 |      0 |     18 |   1 |   39.0 |
               +--------+--------+--------+--------+--------+-----+--------+

Top non-repeatable levels by time:
     D:1: 39 daAuts
